 Dungeon Crawl Stone Soup version 0.28-a0-589-g333b8329f1 (webtiles) character file.

Game seed: 14285074459907036675

280 blank1 the Covered (level 6, -5/56 HPs)
             Began as a Minotaur Fighter on Oct 4, 2021.
             Slain by Duvessa (10 damage)
             ... on level 4 of the Dungeon.
             The game lasted 00:07:34 (3241 turns).

blank1 the Covered (Minotaur Fighter)               Turns: 3241, Time: 00:07:35

Health: -5/56      AC:  8    Str: 21    XL:     6   Next: 5%
Magic:  5/5        EV: 10    Int:  5    God:
Gold:   159        SH:  4    Dex: 11    Spells: 5/5 levels left

rFire   . . .      SeeInvis .   a - +0 flail
rCold   . . .      Faith    .   c - +0 buckler
rNeg    . . .      Spirit   .   b - +0 scale mail
rPois   .          Reflect  .   (helmet restricted)
rElec   .          Harm     .   m - +0 cloak
rCorr   .          Rampage  .   (no gloves)
Will    .....                   (no boots)
Stlth   ..........              (no amulet)
HPRegen 0.18/turn               (no ring)
MPRegen 0.09/turn               (no ring)

@: no status effects
A: horns 2, retaliatory headbutt
a: no special abilities


You were on level 4 of the Dungeon.
You visited 1 branch of the dungeon, and saw 4 of its levels.
You also visited: Sewer.

You collected 159 gold pieces.

Inventory:

Hand Weapons
 a - a +0 flail (weapon)
Armour
 b - a +0 scale mail (worn)
 c - a +0 buckler (worn)
 m - a +0 cloak (worn)
Scrolls
 e - 2 scrolls of teleportation
 f - a scroll of noise {unknown}
 g - 5 scrolls of enchant weapon
 h - 4 scrolls of fog
 k - a scroll of summoning
 l - a scroll of magic mapping
 n - a scroll of blinking
Potions
 d - a potion of might
 i - 2 potions of curing
 j - 8 potions of flight


   Skills:
 + Level 5.0 Fighting
 + Level 5.0 Maces & Flails
 - Level 5.0 Armour
 - Level 2.0 Dodging
 - Level 4.0 Shields


You had 5 spell levels left.
You didn't know any spells.
Your spell library contained the following spells:

 Spells                   Type           Power      Damage    Failure   Level
 Gell's Gravitas          Tloc           0%         N/A       99%         3
 Teleport Other           Tloc           0%         N/A       99%         3
 Dispersal                Tloc           0%         N/A       100%        6


Dungeon Overview and Level Annotations

Branches:
Dungeon (4/15)              Sewer (visited)
 Temple: D:4-7

Altars:

Shops:
D:1 [

Annotations:
D:3 2 transporters
D:4 Duvessa


Innate Abilities, Weirdness & Mutations

You have a pair of horns on your head.
You reflexively headbutt those who attack you in melee.


Message History

Training target 5.0 for Fighting reached!
Your Fighting skill increases to level 5!
Your Maces & Flails skill increases to level 5!
You need to enable at least one skill for training.
You have reached level 6!
Your experience leads to an increase in your attributes!
Increase (S)trength, (I)ntelligence, or (D)exterity?
You feel agile.
You hit Duvessa. Your headbutt misses Duvessa.
Duvessa is lightly wounded.
Duvessa hits you but does no damage. The kobold closely misses you.
Duvessa closely misses you.
You barely miss Duvessa. Duvessa hits you with a +0 short sword.
The kobold hits you with a +0 short sword.
Duvessa hits you with a +0 short sword.
You hit Duvessa but do no damage. You headbutt Duvessa.
Duvessa is lightly wounded.
The kobold hits you but does no damage. You block Duvessa's attack.
The kobold hits you but does no damage.
You barely miss Duvessa.
Duvessa is lightly wounded.
Duvessa hits you with a +0 short sword! Duvessa hits you but does no damage.
The kobold barely misses you.
You closely miss Duvessa.
Duvessa is lightly wounded.
Duvessa barely misses you. The kobold hits you but does no damage.
Duvessa hits you with a +0 short sword!!
* * * LOW HITPOINT WARNING * * *
You sock Duvessa!
Duvessa is moderately wounded.
You block Duvessa's attack. The kobold closely misses you.
You hit Duvessa but do no damage.
Duvessa is moderately wounded.
You block Duvessa's attack. Duvessa hits you with a +0 short sword.
* * * LOW HITPOINT WARNING * * *
The kobold hits you but does no damage.
You closely miss Duvessa.
Duvessa is moderately wounded.
Duvessa hits you with a +0 short sword!
You die...

.............#
#.....<....#
##....######
#......###
#........##
##.........##
............## .
..............##....
.#..........@K......
...........#e......
#..........##......
#.........## ......
...........# .....
...........# ...:.
...........# ....
#..........# ....
#..........#


You could see Duvessa (berserk) and a kobold.

Vanquished Creatures
  Dowan (D:4)
  6 adders
  3 gnolls (D:2)
  A river rat (D:3)
  7 worms
  2 dart slugs (D:1)
  4 orcs (D:3)
  6 endoplasms
  9 giant cockroaches
  9 goblins
  4 hobgoblins
  7 jackals
  10 quokkas
  7 ball pythons
  11 bats
  7 frilled lizards
  8 kobolds
  8 rats
110 creatures vanquished.

Notes
Turn   | Place    | Note
-------+----------+-------------------------------------------
     0 | D:1      | blank1 the Minotaur Fighter began the quest for the Orb.
     0 | D:1      | Reached XP level 1. HP: 19/19 MP: 0/0
   322 | D:1      | Reached XP level 2. HP: 27/27 MP: 1/1
   440 | D:1      | Found Faru Eho's Armour Shop.
   578 | D:1      | Reached XP level 3. HP: 33/33 MP: 2/2
  1165 | D:2      | Reached skill level 1 in Dodging
  1165 | D:2      | Reached XP level 4. HP: 32/40 MP: 3/3
  1793 | D:2      | Reached skill level 5 in Armour
  1962 | D:3      | Found a transporter.
  1973 | D:3      | Found a transporter.
  2019 | D:3      | Reached XP level 5. HP: 43/46 MP: 4/4
  2090 | D:3      | Found a glowing drain.
  2096 | Sewer    | Entered a sewer
  3221 | D:4      | Noticed Dowan
  3229 | D:4      | Noticed Duvessa
  3233 | D:4      | Killed Dowan
  3234 | D:4      | Reached skill level 5 in Fighting
  3234 | D:4      | Reached skill level 5 in Maces & Flails
  3234 | D:4      | Reached XP level 6. HP: 46/56 MP: 5/5
  3241 | D:4      | Slain by Duvessa

Illustrated notes

Levels and vault maps discovered:
D:1:      minmay_arrival_up_and_down, layout_rooms, serial_shops, shop
D:2:      minmay_razor_zed, layout_loops_cross, minmay_misc_feat_encased
D:3:      gammafunk_steamed_eel, layout_basic, gup_sewer_entry_bubbles
D:4:      layout_rooms, uniq_robin, uniq_duvessa

Skill      XL: |  1  2  3  4  5 |
---------------+----------------+-----
Fighting       | 4 5 |  5.0
Armour         | 4 5 |  5.0
Maces & Flails | 3 4 5 |  5.0
Shields        | 4 |  4.0
Dodging        | 1 2 |  2.0

Action                   |  1- 3 |  4- 6 || total
-------------------------+-------+-------++-------
Melee: Flail             |   105 |   159 ||   264
       Headbutt          |    13 |    25 ||    38
  Use: Scroll            |     1 |     6 ||     7
       Potion            |       |     1 ||     1
Armor: Scale mail        |    49 |    67 ||   116
Dodge: Dodged            |    48 |    86 ||   134
Block: Buckler           |    26 |    33 ||    59

Table legend: (Time is in decaauts)
 A = Elapsed time spent in this place.
 B = Non-inter-level travel time spent in this place.
 C = Inter-level travel time spent in this place.
 D = Time resting spent in this place.
 E = Time spent auto-exploring this place.
 F = Levels seen in this place.
 G = Mean time per level.
                   A        B        C        D        E       F      G
               +--------+--------+--------+--------+--------+-----+--------+
         Total |   3484 |   3454 |     30 |    421 |   2064 |   5 |  696.8 |
       Dungeon |   2549 |   2519 |     30 |    364 |   1501 |   4 |  637.2 |
         Sewer |    934 |    934 |      0 |     57 |    563 |   1 |  934.0 |
               +--------+--------+--------+--------+--------+-----+--------+

Top non-repeatable levels by time:
     D:2: 1199 daAuts
   Sewer: 934 daAuts
     D:1: 717 daAuts
     D:3: 593 daAuts
     D:4: 37 daAuts
